PUBA
VEGREVILLE RANGERS @ BETHESDA GAMERS
05/17/1972
 
TOP OF THE 1ST
Vegreville Rangers batting - Pitching for Bethesda Gamers : RHP Anthony Calhoun
Pitching: RHP Anthony Calhoun
Batting: RHB Oscar Bradshaw 0-0: Foul Ball, location: 2F
0-1: Called Strike
0-2: Strikes out swinging
Batting: RHB Wayne Collier 0-0: Ball
1-0: SINGLE (Groundball, 56D, EV 100.6 MPH)
Batting: LHB George Holcomb 0-0: Ball
1-0: Ball
Wayne Collier is caught stealing 2nd base 2-6
2-0: Ball
3-0: Called Strike
3-1: SINGLE (Line Drive, 7LS, EV 98.1 MPH)
Batting: RHB César Moreno 0-0: Swinging Strike
0-1: Called Strike
0-2: Ground out 5-3 (Groundball, 56S, EV 88.8 MPH)
Top of the 1st over - 0 runs, 2 hits, 0 errors, 1 left on base; Vegreville 0 - Bethesda 0
BOTTOM OF THE 1ST
Bethesda Gamers batting - Pitching for Vegreville Rangers : RHP Mike Everett
Pitching: RHP Mike Everett
Batting: RHB Mike Hayes 0-0: SINGLE (Groundball, 6, EV 105.0 MPH) (infield hit)
Batting: LHB Denny Doyle 0-0: Called Strike
0-1: Ball
Mike Hayes steals 2nd base (no throw)
1-1: Swinging Strike
1-2: SINGLE (Flyball, 34D, EV 91.9 MPH)
Mike Hayes to third
Batting: LHB Kendrick Wolf 0-0: Swinging Strike
0-1: SINGLE (Line Drive, 4MD, EV 98.8 MPH)
Mike Hayes scores
Denny Doyle to second
Batting: RHB Tim McGuire 0-0: Foul Ball, location: 2F
0-1: Called Strike
0-2: Foul Ball, location: 9LDF
0-2: Strikes out swinging
Batting: LHB Melvin Ewing 0-0: Called Strike
0-1: Called Strike
0-2: Strikes out swinging
Batting: SHB Roger Metzger 0-0: Foul Ball, location: 2F
0-1: Fielders Choice at 2nd, 6-4 (Groundball, 6, EV 92.5 MPH)
Bottom of the 1st over - 1 run, 3 hits, 0 errors, 2 left on base; Vegreville 0 - Bethesda 1
TOP OF THE 2ND
Vegreville Rangers batting - Pitching for Bethesda Gamers : RHP Anthony Calhoun
Batting: LHB Jonathon Hancock 0-0: Swinging Strike
0-1: Swinging Strike
0-2: Fly out, F8 (Line Drive, 8RM, EV 95.0 MPH)
Batting: LHB Mike Harris 0-0: Swinging Strike
0-1: Called Strike
0-2: Strikes out swinging
Batting: RHB Zak Ruel 0-0: Foul Ball, location: 5DF
0-1: Ball
1-1: Ball
2-1: SINGLE (Groundball, 4M, EV 100.6 MPH) (infield hit)
Batting: RHB Dave Warren 0-0: Called Strike
0-1: Ball
1-1: Ball
2-1: Ball
3-1: Base on Balls
Zak Ruel to second
Batting: RHB Cliff Johnson 0-0: Ball
1-0: Foul Ball, location: 9LDF
1-1: Called Strike
1-2: Hit by Pitch
Zak Ruel to third
Dave Warren to second
Batting: RHB Oscar Bradshaw 0-0: Ball
1-0: Foul Ball, location: 3FF
1-1: Fly out, F9 (Flyball, 9LS, EV 87.5 MPH)
Top of the 2nd over - 0 runs, 1 hit, 0 errors, 3 left on base; Vegreville 0 - Bethesda 1
BOTTOM OF THE 2ND
Bethesda Gamers batting - Pitching for Vegreville Rangers : RHP Mike Everett
Batting: RHB Edison Barton 0-0: Fly out, F8 (Flyball, 8RD, EV 103.8 MPH)
Batting: RHB Bob Heise 0-0: Called Strike
0-1: Ball
1-1: SINGLE (Line Drive, 9S, EV 98.8 MPH)
Batting: RHB John Coleman 0-0: Called Strike
0-1: Ball
1-1: Called Strike
1-2: Ground out 6-3 (Groundball, 6S, EV 63.8 MPH)
Bob Heise to second
Batting: RHB Mike Hayes 0-0: Swinging Strike
0-1: Foul Ball, location: 3DF
0-2: Ball
1-2: Ball
2-2: Foul Ball, location: 7LSF
2-2: Fly out, F8 (Flyball, 8LS, EV 80.6 MPH)
Bottom of the 2nd over - 0 runs, 1 hit, 0 errors, 1 left on base; Vegreville 0 - Bethesda 1
TOP OF THE 3RD
Vegreville Rangers batting - Pitching for Bethesda Gamers : RHP Anthony Calhoun
Batting: RHB Wayne Collier 0-0: Swinging Strike
0-1: Swinging Strike
0-2: Foul Ball, location: 9LMF
0-2: SOLO HOME RUN (Flyball, 78XD, EV 105.6 MPH), Distance : 413 ft
Batting: LHB George Holcomb 0-0: Foul Ball, location: 2F
0-1: Ball
1-1: Ground out 6-3 (Groundball, 6, EV 84.4 MPH)
Batting: RHB César Moreno 0-0: Called Strike
0-1: Ball
1-1: Fly out, F7 (Flyball, 78M, EV 97.5 MPH)
Batting: LHB Jonathon Hancock 0-0: Ball
1-0: Ball
2-0: Fly out, F7 (Flyball, 7, EV 89.4 MPH)
Top of the 3rd over - 1 run, 1 hit, 0 errors, 0 left on base; Vegreville 1 - Bethesda 1
BOTTOM OF THE 3RD
Bethesda Gamers batting - Pitching for Vegreville Rangers : RHP Mike Everett
Batting: LHB Denny Doyle 0-0: Foul Ball, location: 2F
0-1: Ball
1-1: Called Strike
1-2: Foul Ball, location: 2F
1-2: Foul Ball, location: 2F
1-2: Ball
2-2: Ground out 4-3 (Groundball, 4, EV 101.3 MPH)
Batting: LHB Kendrick Wolf 0-0: Swinging Strike
0-1: Foul Ball, location: 7LDF
0-2: Strikes out swinging
Batting: RHB Tim McGuire 0-0: Called Strike
0-1: Ball
1-1: Ball
2-1: Foul Ball, location: 23FF
2-2: Ball
3-2: Strikes out swinging
Bottom of the 3rd over - 0 runs, 0 hits, 0 errors, 0 left on base; Vegreville 1 - Bethesda 1
TOP OF THE 4TH
Vegreville Rangers batting - Pitching for Bethesda Gamers : RHP Anthony Calhoun
Batting: LHB Mike Harris 0-0: Called Strike
0-1: Foul Ball, location: 2F
0-2: Ball
1-2: Strikes out swinging, 2-3 out at first.
Batting: RHB Zak Ruel 0-0: Called Strike
0-1: DOUBLE (Line Drive, 9LM, EV 103.1 MPH)
Batting: RHB Dave Warren 0-0: Ball
1-0: SINGLE (Line Drive, 34D, EV 106.3 MPH)
Zak Ruel to third
Runner from 3rd tries for Home, throw by RF and OUT! 9-2
Dave Warren to second
Batting: RHB Cliff Johnson 0-0: Called Strike
0-1: Called Strike
0-2: Foul Ball, location: 3F
0-2: Foul Ball, location: 5F
0-2: Ball
1-2: Strikes out looking
Top of the 4th over - 0 runs, 2 hits, 0 errors, 1 left on base; Vegreville 1 - Bethesda 1
BOTTOM OF THE 4TH
Bethesda Gamers batting - Pitching for Vegreville Rangers : RHP Mike Everett
Batting: LHB Melvin Ewing 0-0: SINGLE (Flyball, 34D, EV 91.9 MPH)
Batting: SHB Roger Metzger 0-0: Ball
1-0: Foul Ball, location: 2F
1-1: Ball
Melvin Ewing steals 2nd, throwing error, E2
Melvin Ewing to third
2-1: Foul Ball, location: 2F
2-2: Ball
3-2: Strikes out looking
Batting: RHB Edison Barton 0-0: Ball
1-0: Called Strike
1-1: Swinging Strike
1-2: Foul Ball, location: 2F
1-2: Ball
2-2: Fly out, F2 (Popup, 3SF, EV 78.8 MPH)
Batting: RHB Bob Heise 0-0: Ball
1-0: Ball
2-0: SINGLE (Groundball, 4MD, EV 103.1 MPH)
Melvin Ewing scores
Batting: RHB John Coleman 0-0: Ball
1-0: Ball
2-0: Ball
3-0: Called Strike
3-1: Fly out, F8 (Flyball, 8LD, EV 98.8 MPH)
Bottom of the 4th over - 1 run, 2 hits, 1 error, 1 left on base; Vegreville 1 - Bethesda 2
TOP OF THE 5TH
Vegreville Rangers batting - Pitching for Bethesda Gamers : RHP Anthony Calhoun
Batting: RHB Oscar Bradshaw 0-0: Called Strike
0-1: Called Strike
0-2: Ball
1-2: Ball
2-2: Strikes out swinging
Batting: RHB Wayne Collier 0-0: Foul Ball, location: 2F
0-1: Ball
1-1: Foul Ball, location: 2RF
1-2: Strikes out looking
Batting: LHB George Holcomb 0-0: Ball
1-0: Foul Ball, location: 2F
1-1: Ball
2-1: Ball
3-1: Foul Ball, location: 7LMF
3-2: Ground out 2-3 (Groundball, 13S, EV 69.4 MPH)
Top of the 5th over - 0 runs, 0 hits, 0 errors, 0 left on base; Vegreville 1 - Bethesda 2
BOTTOM OF THE 5TH
Bethesda Gamers batting - Pitching for Vegreville Rangers : RHP Mike Everett
Batting: RHB Mike Hayes 0-0: SINGLE (Line Drive, 4MD, EV 107.5 MPH)
Batting: LHB Denny Doyle 0-0: Ball
1-0: Called Strike
1-1: Ball
2-1: Called Strike
2-2: Foul Ball, location: 9LSF
2-2: Fielders Choice at 2nd, 4-6 (Groundball, 4, EV 100.6 MPH)
Batting: LHB Kendrick Wolf 0-0: SINGLE (Line Drive, 9S, EV 104.4 MPH)
Denny Doyle to second
Batting: RHB Tim McGuire 0-0: Ball
1-0: Ball
2-0: Called Strike
2-1: Fly out, F7 (Flyball, 7LM, EV 97.5 MPH)
Batting: LHB Melvin Ewing 0-0: Ball
1-0: Ball
2-0: Ball
3-0: Base on Balls
Denny Doyle to third
Kendrick Wolf to second
Batting: SHB Roger Metzger 0-0: Ground out 3-1 (Groundball, 34, EV 103.1 MPH)
Bottom of the 5th over - 0 runs, 2 hits, 0 errors, 3 left on base; Vegreville 1 - Bethesda 2
TOP OF THE 6TH
Vegreville Rangers batting - Pitching for Bethesda Gamers : RHP Anthony Calhoun
Batting: RHB César Moreno 0-0: Ball
1-0: Ball
2-0: Ball
3-0: Called Strike
3-1: Base on Balls
Batting: LHB Jonathon Hancock 0-0: Grounds into double play, 4-6-3 (Groundball, 4, EV 103.8 MPH)
Batting: LHB Mike Harris 0-0: Foul Ball, location: 7LMF
0-1: Ball
1-1: Ball
2-1: Ball
3-1: Foul Ball, location: 3DF
3-2: Strikes out swinging
Top of the 6th over - 0 runs, 0 hits, 0 errors, 0 left on base; Vegreville 1 - Bethesda 2
BOTTOM OF THE 6TH
Bethesda Gamers batting - Pitching for Vegreville Rangers : RHP Mike Everett
Batting: RHB Edison Barton 0-0: Called Strike
0-1: Called Strike
0-2: Ball
1-2: Foul Ball, location: 5F
1-2: Foul Ball, location: 7LMF
1-2: Ball
2-2: Strikes out looking
Batting: RHB Bob Heise 0-0: Swinging Strike
0-1: Ground out 6-3 (Groundball, 6, EV 81.3 MPH)
Batting: RHB John Coleman 0-0: Called Strike
0-1: Foul Ball, location: 23FF
0-2: SINGLE (Line Drive, 6D, EV 99.4 MPH)
Batting: RHB Mike Hayes 0-0: Ball
1-0: SINGLE (Groundball, 4D, EV 100.6 MPH)
John Coleman to second
Runner from 2nd tries for 3rd, SAFE, throw by CF made to third
Pitching: RHP Mike Thompson
Batting: LHB Denny Doyle 0-0: Ball
1-0: Ball
2-0: Ball
3-0: Called Strike
3-1: SINGLE (Line Drive, 8RS, EV 108.1 MPH)
John Coleman scores
Mike Hayes to second
Batting: LHB Kendrick Wolf 0-0: Fly out, F8 (Flyball, 8LXD, EV 110.0 MPH)
Bottom of the 6th over - 1 run, 3 hits, 0 errors, 2 left on base; Vegreville 1 - Bethesda 3
TOP OF THE 7TH
Vegreville Rangers batting - Pitching for Bethesda Gamers : RHP Anthony Calhoun
Batting: RHB Zak Ruel 0-0: Ball
1-0: Ball
2-0: Foul Ball, location: 2F
2-1: Called Strike
2-2: Strikes out swinging
Batting: RHB Dave Warren 0-0: Foul Ball, location: 2LF
0-1: Foul Ball, location: 3FF
0-2: Ball
1-2: Ball
2-2: Ball
3-2: Foul Ball, location: 5DF
3-2: SINGLE (Groundball, 4MD, EV 101.9 MPH)
Batting: RHB Cliff Johnson 0-0: Ball
1-0: Ball
2-0: Ball
3-0: Base on Balls
Dave Warren to second
Batting: RHB Oscar Bradshaw 0-0: Grounds into double play, 4-6-3 (Groundball, 4, EV 83.8 MPH)
Top of the 7th over - 0 runs, 1 hit, 0 errors, 1 left on base; Vegreville 1 - Bethesda 3
BOTTOM OF THE 7TH
Bethesda Gamers batting - Pitching for Vegreville Rangers : RHP Mike Thompson
Pitching: RHP José Gonzáles
Batting: RHB Tim McGuire 0-0: SINGLE (Line Drive, 7LS, EV 100.0 MPH)
Batting: LHB Melvin Ewing 0-0: Ball
1-0: Ball
2-0: Ball
3-0: Called Strike
3-1: Foul Ball, location: 5DF
3-2: Foul Ball, location: 5SF
3-2: Strikes out swinging
Batting: SHB Roger Metzger 0-0: TRIPLE (Line Drive, 89XD, EV 111.3 MPH)
Tim McGuire scores
Batting: RHB Edison Barton 0-0: Fielders Choice at home, 5-2 (Groundball, 5S, EV 91.3 MPH)
Batting: RHB Bob Heise 0-0: Called Strike
0-1: SINGLE (Line Drive, 6D, EV 98.8 MPH)
Edison Barton to second
Batting: RHB John Coleman 0-0: Called Strike
0-1: Ball
1-1: Ball
2-1: Swinging Strike
2-2: Ball
3-2: Fly out, F4 (Popup, 4MD, EV 70.6 MPH)
Bottom of the 7th over - 1 run, 3 hits, 0 errors, 2 left on base; Vegreville 1 - Bethesda 4
TOP OF THE 8TH
Vegreville Rangers batting - Pitching for Bethesda Gamers : RHP Anthony Calhoun
Batting: RHB Wayne Collier 0-0: Ball
1-0: Ball
2-0: Foul Ball, location: 2F
2-1: Swinging Strike
2-2: Strikes out swinging
Batting: LHB George Holcomb 0-0: Ball
1-0: Ball
2-0: Ball
3-0: Base on Balls
Batting: RHB César Moreno 0-0: Fly out, F8 (Flyball, 8RD, EV 103.8 MPH)
Batting: LHB Jonathon Hancock 0-0: Ball
1-0: Called Strike
1-1: Called Strike
1-2: Strikes out swinging
Top of the 8th over - 0 runs, 0 hits, 0 errors, 1 left on base; Vegreville 1 - Bethesda 4
BOTTOM OF THE 8TH
Bethesda Gamers batting - Pitching for Vegreville Rangers : RHP José Gonzáles
Batting: RHB Mike Hayes 0-0: Called Strike
0-1: Foul Ball, location: 9LSF
0-2: Strikes out looking
Batting: LHB Denny Doyle 0-0: Ball
1-0: Ball
2-0: Ball
3-0: Base on Balls
Batting: LHB Kendrick Wolf 0-0: Ball
1-0: Ball
2-0: Swinging Strike
2-1: Ball
3-1: Foul Ball, location: 2F
3-2: Base on Balls
Denny Doyle to second
Pitching: RHP Chuck Seelbach
Batting: RHB Tim McGuire 0-0: Called Strike
0-1: Foul Ball, location: 2F
0-2: Ball
1-2: Fly out, F9 (Line Drive, 9, EV 93.1 MPH)
Batting: LHB Melvin Ewing 0-0: Ball
Wild Pitch!
Denny Doyle to third
Kendrick Wolf to second
1-0: Foul Ball, location: 5F
1-1: Ball
2-1: Called Strike
2-2: SINGLE (Groundball, 3S, EV 69.4 MPH) (infield hit)
Denny Doyle scores
Kendrick Wolf to third
Batting: SHB Roger Metzger 0-0: Ball
1-0: Ground out 4-3 (Groundball, 34D, EV 93.1 MPH)
Bottom of the 8th over - 1 run, 1 hit, 0 errors, 2 left on base; Vegreville 1 - Bethesda 5
TOP OF THE 9TH
Vegreville Rangers batting - Pitching for Bethesda Gamers : RHP Anthony Calhoun
Pitching: RHP Roy Williamson
Batting: LHB Mike Harris 0-0: Ball
1-0: Foul Ball, location: 2F
1-1: Swinging Strike
1-2: Ball
2-2: Fly out, F9 (Flyball, 89M, EV 91.3 MPH)
Pinch Hitting: LHB Robinson Martínez 0-0: Ball
1-0: Fly out, F8 (Line Drive, 8LM, EV 96.9 MPH)
Pinch Hitting: LHB Ángel Pérez 0-0: Called Strike
0-1: Foul Ball, location: 3F
0-2: Ball
1-2: Strikes out swinging
Top of the 9th over - 0 runs, 0 hits, 0 errors, 0 left on base; Vegreville 1 - Bethesda 5
Friday, March 15th , 2024 - OOTP Baseball 24.8 Build 75